 Dungeon Crawl Stone Soup version 0.24.0-29-g8ce449bc06 (webtiles) character file.

Game seed: 5298136997064635246, levelgen mode: deterministic

7322 Delamore the Severer (level 11, -4/97 HPs)
             Began as a Hill Orc Fighter on Nov 14, 2019.
             Was a Priest of Qazlal.
             Slain by a tentacled starspawn (16 damage)
             ... on level 1 of the Abyss.
             The game lasted 00:16:07 (8744 turns).

Delamore the Severer (Hill Orc Fighter)             Turns: 8744, Time: 00:16:08

Health: -4/97      AC: 25    Str: 24    XL:     11   Next: 13%
Magic:  8/8        EV: -1    Int:  8    God:    Qazlal [***...]
Gold:   665        SH: 14    Dex: 12    Spells: 10/10 levels left

rFire    . . .     SeeInvis .   F - +4 hand axe
rCold    . . .     Gourm    .   c - +0 shield
rNeg     + + +     Faith    .   (armour currently unavailable)
rPois    +         Spirit   .   (helmet currently unavailable)
rElec    .         Reflect  .   (cloak currently unavailable)
rCorr    +         Harm     .   (gloves currently unavailable)
MR       .....     Clarity  +   (boots currently unavailable) Stlth +.........NoTele +
                                (no amulet)
HPRegen  0.00/turn              g - ring of resist corrosion
MPRegen  0.11/turn              r - +4 ring of intelligence

@: mighty, tree-form (expiring), very slightly contaminated, constricted
A: agile 1, [berserk 2], blurry vision 1[+2], clarity, [deterioration 2], [dopey
2], [frail 2], [low mp 2], [inhibited regeneration], [weak 2], evolution 1
a: Upheaval, Elemental Force, Renounce Religion


You were on level 1 of the Abyss.
You worshipped Qazlal.
Qazlal was most pleased with you.
You were very hungry.
You were a tree.
You visited 1 branch of the dungeon, and saw 10 of its levels.
You visited the Abyss 1 time.

You collected 665 gold pieces.

Inventory:

Hand Weapons
 A - a +2 hand axe of chopping
 F - a +4 hand axe (weapon)
Armour
 c - a +0 shield (worn)
 k - a +0 pair of boots (melded)
 n - a +1 helmet (melded)
 t - quicksilver dragon scales (melded)
 x - +0 fire dragon scales
 y - a scarf of repulsion (melded)
Jewellery
 g - a ring of resist corrosion (left branch)
 r - a +4 ring of intelligence (right branch)
Wands
 e - a wand of scattershot (6)
 z - a wand of iceblast (19)
 C - a wand of polymorph (5)
 H - a wand of disintegration (11)
 J - a wand of paralysis (5)
Scrolls
 a - 2 scrolls of random uselessness {unknown}
 i - 2 scrolls of blinking {unknown}
 j - 2 scrolls of amnesia {unknown}
 l - 2 scrolls of teleportation
 m - 3 scrolls of remove curse
 p - a scroll of enchant weapon
 s - 2 scrolls of identify
 B - a scroll of fog
 E - a scroll of enchant armour
 I - a scroll of fear
 L - a scroll of vulnerability
 M - a scroll of brand weapon {unknown}
Potions
 b - 5 potions of degeneration
 q - a potion of ambrosia {unknown}
 u - 2 potions of agility
 v - a potion of haste {unknown}
 w - a potion of brilliance {unknown}
 D - 4 potions of invisibility
 K - 2 potions of cancellation {unknown}
Comestibles
 f - 19 rations


   Skills:
 - Level 3.6 Fighting
 + Level 19.8 Axes
 - Level 3.2 Armour
 - Level 3.2 Shields


You had 10 spell levels left.
You didn't know any spells.
Your spell library contained the following spells:

 Spells                   Type           Power        Failure   Level  Hunger
 Animate Skeleton         Necr           N/A          89%         1    ##.....
 Apportation              Tloc           #.....       89%         1    ##.....
 Confusing Touch          Hex            #.....       89%         1    ##.....
 Summon Small Mammal      Summ           #...         89%         1    ##.....
 Confuse                  Hex            #.......     99%         3    ####...
 Gell's Gravitas          Tloc           #.........   99%         3    ####...
 Petrify                  Tmut/Erth      #.......     100%        4    #####..
 Metabolic Englaciation   Hex/Ice        #.........   100%        5    ######.
 Yara's Violent Unravell  Hex/Tmut       #.........   100%        5    ######.


Dungeon Overview and Level Annotations

Branches:
Dungeon (10/15)            Temple (0/1) D:5
   Lair: D:8-11         Orc: D:9-12

Altars:
Ashenzari
Cheibriados
Gozag
Kikubaaqudgha
Makhleb
Nemelex Xobeh
Qazlal
Ru
Sif Muna
Trog
Wu Jian
Xom
Yredelemnul
Zin
The Shining One

Annotations:
D:5 1 runed translucent door
D:10 Psyche


Innate Abilities, Weirdness & Mutations

((You are partially covered in yellow scales. (AC +2)))
You are agile. (Dex +2)
You possess an exceptional clarity of mind.
You evolve.
[You often lose your temper in combat.]
[Scrolls take you much longer to read.]
[((Armour fits poorly on your strangely shaped body.))]
[Your body often deteriorates upon taking damage.]
[You are very dopey. (Int -4)]
[You are very frail. (-20% HP)]
[Your magical capacity is very low. (-20% MP)]
[You do not regenerate when monsters are visible.]
[You are very weak. (Str -4)]


Message History

You feel less energetic. x2
A starcursed mass splits.
The starspawn tentacle loses its grip on you.
The tentacle pulls you backwards!
You block the starspawn tentacle's attack.
You feel better.
You hear a screech!
You block the ufetubus's attack. x2
The wretched star pulses with an eldritch light!
You feel frail. x2
A wretched star comes into view.
The starspawn tentacle grabs you. The starspawn tentacle constricts you.
A chorus of shrieks assaults your mind.
* * * LOW HITPOINT WARNING * * *
The ufetubus hits you but does no damage. x2
You feel very mighty all of a sudden.
The ufetubus hits you but does no damage.
You block the ufetubus's attack. The starspawn tentacle constricts you.
The tentacled starspawn bites you!
You die...

.... . . .5 ....... .
... . . .. ..*... .....
. ... .....#..?.. .
...###...###...# . ###
....#.....#.....#.....#
........X.......X. . ..
......☼wXX§....X........
......§♣wX.§.... .> .* .
....#...5.#.....#.....#
. ##.3X###§X.## . # #
#.$.†*# 3.#. . #
.........X§X 5 ..... .
##.#.######## .. ##
#..## . . .# ..#
#..##.## ..#.# #. #.. .
.#


You could see 4 starcursed masses, a tentacled starspawn, 2 wretched stars, a
large abomination, a ynoxinul, 2 starspawn tentacles and an ufetubus.

Vanquished Creatures
  3 two-headed ogres
  Pikel (D:5)
  A harpy (shapeshifter) (Abyss:1)
  Joseph (D:7)
  A raiju (Abyss:1)
  Prince Ribbit (D:6)
  A wraith (D:9)
  3 hungry ghosts (D:9)
  Edmund (D:5)
  3 sky beasts
  2 orc warriors (D:8)
  4 slaves (D:5)
  The ghost of Delamore the Chopper, an amateur HOFi of Beogh (D:3)
  2 ogres
  A crocodile (D:9)
  3 centaurs
  Blork the orc (D:5)
  A big kobold (D:9)
  2 bullfrogs
  3 scorpions
  4 killer bees (D:9)
  5 wights (D:7)
  A troll skeleton (Abyss:1)
  A crimson imp (D:7)
  2 starcursed masses (Abyss:1)
  A centaur zombie (D:7)
  A jelly (D:8)
  A centaur skeleton (D:9)
  An orc priest (D:7)
  Crazy Yiuf (D:6)
  6 hounds
  6 worker ants
  10 orc wizards
  3 hound zombies
  2 worker ant zombies
  A howler monkey skeleton (D:7)
  10 adders
  4 adder skeletons
  2 worms (D:2)
  3 dart slugs
  5 leopard geckos
  30 orcs
  2 ball pythons (D:3)
  4 bats
  2 giant cockroaches
  16 goblins
  7 hobgoblins
  17 jackals
  31 kobolds
  A quokka (D:5)
  5 frilled lizards
  A leopard gecko skeleton (D:5)
  A leopard gecko zombie (D:5)
  3 rats
  A spectral orc (D:4)
  7 plants (D:9)
234 creatures vanquished.

Vanquished Creatures (others)
  An orc wizard (D:8)
  An orc (D:8)
  7 starspawn tentacles (Abyss:1)
9 creatures vanquished.

Grand Total: 243 creatures vanquished

Notes
Turn   | Place    | Note
-------+----------+-------------------------------------------
     0 | D:1      | Delamore the Hill Orc Fighter began the quest for the Orb.
     0 | D:1      | Reached XP level 1. HP: 19/19 MP: 1/1
    34 | D:1      | Reached skill level 3 in Axes
    51 | D:1      | Reached XP level 2. HP: 18/26 MP: 2/2
   116 | D:1      | Reached skill level 4 in Axes
   269 | D:1      | Reached XP level 3. HP: 26/31 MP: 3/3
   531 | D:2      | Reached skill level 5 in Axes
   588 | D:2      | Found a shattered altar of Ashenzari.
  1266 | D:3      | Reached XP level 4. HP: 39/39 MP: 4/4
  1381 | D:3      | Reached skill level 6 in Axes
  1574 | D:3      | Noticed Delamore's ghost (amateur HOFi)
  1599 | D:3      | Found a runed translucent door.
  1636 | D:3      | Killed Delamore's ghost
  1636 | D:3      | Reached skill level 7 in Axes
  1636 | D:3      | Reached XP level 5. HP: 12/45 MP: 5/5
  1875 | D:3      | Found a burning altar of Makhleb.
  1989 | D:3      | Found a bloodstained altar of Trog.
  2021 | D:3      | Found a sacrificial altar of Ru.
  2124 | D:3      | Found a stormy altar of Qazlal.
  2131 | D:3      | Became a worshipper of Qazlal Stormbringer
  2202 | D:4      | Reached skill level 8 in Axes
  2208 | D:4      | Reached XP level 6. HP: 50/51 MP: 6/6
  2486 | D:4      | Reached skill level 9 in Axes
  2644 | D:4      | Found a basalt altar of Yredelemnul.
  2739 | D:4      | Found an ornate altar of the Wu Jian Council.
  2828 | D:4      | Found an opulent altar of Gozag.
  2837 | D:4      | Reached XP level 7. HP: 50/57 MP: 7/7
  3243 | D:5      | Entered Level 5 of the Dungeon
  3276 | D:5      | Found a staircase to the Ecumenical Temple.
  3279 | D:5      | Noticed Pikel
  3310 | D:5      | Killed Pikel
  3310 | D:5      | Reached skill level 11 in Axes
  3310 | D:5      | Reached XP level 8. HP: 51/64 MP: 8/8
  3380 | D:5      | Found a runed translucent door.
  3387 | D:5      | Found a glowing silver altar of Zin.
  3387 | D:5      | Noticed an angel
  3521 | D:5      | Reached skill level 12 in Axes
  3666 | D:5      | Noticed Edmund
  3681 | D:5      | Killed Edmund
  3773 | D:5      | Reached * piety under Qazlal
  3782 | D:5      | Noticed Blork the orc
  3807 | D:5      | Killed Blork the orc
  4136 | D:5      | Found an ancient bone altar of Kikubaaqudgha.
  4171 | D:5      | Reached skill level 13 in Axes
  4425 | D:6      | Noticed Prince Ribbit
  4530 | D:6      | Killed Prince Ribbit
  4855 | D:6      | Reached skill level 14 in Axes
  4855 | D:6      | Reached XP level 9. HP: 70/70 MP: 9/9
  5236 | D:6      | Found a runed translucent door.
  5237 | D:6      | Noticed Crazy Yiuf
  5675 | D:6      | Killed Crazy Yiuf
  5708 | D:7      | Found an ancient bone altar of Kikubaaqudgha.
  5710 | D:7      | Found a shimmering blue altar of Sif Muna.
  5800 | D:7      | Found an opulent altar of Gozag.
  5833 | D:7      | Reached skill level 15 in Axes
  6122 | D:7      | Found a shimmering altar of Xom.
  6124 | D:7      | Found a basalt altar of Yredelemnul.
  6124 | D:7      | Found a burning altar of Makhleb.
  6126 | D:7      | Found a snail-covered altar of Cheibriados.
  6126 | D:7      | Found an opulent altar of Gozag.
  6126 | D:7      | Found a glowing silver altar of Zin.
  6183 | D:7      | Reached ** piety under Qazlal
  6386 | D:7      | Noticed Joseph
  6401 | D:7      | Paralysed by Joseph for 5 turns
  6410 | D:7      | Killed Joseph
  6410 | D:7      | Reached skill level 16 in Axes
  6432 | D:7      | Found a glowing golden altar of the Shining One.
  6491 | D:7      | Found a sparkling altar of Nemelex Xobeh.
  6734 | D:8      | Noticed a two-headed ogre
  6734 | D:8      | Noticed a two-headed ogre
  6741 | D:8      | Killed a two-headed ogre
  6741 | D:8      | Reached skill level 17 in Axes
  6741 | D:8      | Reached XP level 10. HP: 77/77 MP: 10/10
  6750 | D:8      | Killed a two-headed ogre
  7154 | D:8      | Reached skill level 18 in Axes
  7517 | D:9      | Got a transparent dagger
  7518 | D:9      | Identified the +5 dagger of the Crawling Thing {pierce,
                  | -Tele +Inv rF+ Stlth+} (You found it on level 9 of the
                  | Dungeon)
  7548 | D:9      | Reached *** piety under Qazlal
  7896 | D:9      | Gained mutation: [Armour fits poorly on your strangely
                  | shaped body.] [potion of mutation]
  7896 | D:9      | Gained mutation: Your mind is acute. (Int +2) [potion of
                  | mutation]
  7897 | D:9      | Lost mutation: [Armour fits poorly on your strangely shaped
                  | body.] [potion of mutation]
  7897 | D:9      | Lost mutation: Your mind is acute. (Int +2) [potion of
                  | mutation]
  7897 | D:9      | Gained mutation: [Your body sometimes deteriorates upon
                  | taking damage.] [potion of mutation]
  7897 | D:9      | Gained mutation: You possess an exceptional clarity of
                  | mind. [potion of mutation]
  7897 | D:9      | Gained mutation: You are partially covered in yellow
                  | scales. (AC +2) [potion of mutation]
  7898 | D:9      | Lost mutation: [Your body sometimes deteriorates upon
                  | taking damage.] [potion of mutation]
  7898 | D:9      | Gained mutation: [Scrolls take you a little longer to
                  | read.] [potion of mutation]
  7898 | D:9      | Gained mutation: You are agile. (Dex +2) [potion of
                  | mutation]
  7898 | D:9      | Gained mutation: You evolve. [potion of mutation]
  7934 | D:9      | Noticed a two-headed ogre
  7952 | D:9      | Killed a two-headed ogre
  7952 | D:9      | Reached skill level 19 in Axes
  8277 | D:9      | Reached XP level 11. HP: 78/82 MP: 11/11
  8644 | D:10     | Entered Level 10 of the Dungeon
  8644 | D:10     | Noticed Psyche
  8648 | D:10     | Cast into level 1 of the Abyss (Psyche)
  8676 | Abyss:1  | Noticed a wretched star
  8683 | Abyss:1  | Found an iron altar of Okawaru.
  8698 | Abyss:1  | Noticed a starcursed mass
  8698 | Abyss:1  | Noticed a tentacled starspawn
  8704 | Abyss:1  | Noticed a large abomination
  8705 | Abyss:1  | Noticed a harpy
  8705 | Abyss:1  | a golden eye changed into a harpy
  8706 | Abyss:1  | Noticed a starcursed mass
  8718 | Abyss:1  | HP: 3/123 [starcursed mass/accursed screaming (12)]
  8719 | Abyss:1  | HP: 1/123 [ufetubus[a ynoxinul] (2)]
  8725 | Abyss:1  | Killed a harpy
  8731 | Abyss:1  | Paralysed by accursed screaming for 2 turns
  8743 | Abyss:1  | Noticed a wretched star
  8744 | Abyss:1  | Slain by a tentacled starspawn

Levels and vault maps discovered:
D:1:      lightli_arrival_chessboard, layout_basic,
          kennysheep_decorative_pillar, serial_bayou_pond_b
D:2:      cheibrodos_old_hovel, layout_basic, nicolae_overflow_crystal_walls,
          minmay_pentomino_z2
D:3:      layout_rooms, lemuel_round_altar, lemuel_doored_altar,
          nicolae_ru_great_annihilating_truth, grunt_qazlal_sundering,
          first_ration, hellmonk_ghost_happy_afterlife
D:4:      layout_basic, yredelemnul_forgotten_temple_becter,
          nicolae_overflow_hidden_temple, nicolae_gozag_seed_capital
D:5:      layout_gridville, minmay_temple_entry_slanted, basic_altar,
          lemuel_angel_altar, uniq_edmund, uniq_blork_the_orc, uniq_pikel
D:6:      layout_basic, minmay_a_box_with_orc_wizards_in_it,
          uniq_prince_ribbit1, uniq_crazy_yiuf_cottage
D:7:      layout_basic, grunt_temple_overflow_open, tso_oasis_becter,
          old_standard_altar, doesnt_xom_only_xom, kennysheep_generic_room_15,
          uniq_joseph
D:8:      layout_layer_cave
D:9:      kennysheep_kobold_camp, layout_gridville
D:10:     layout_cave_pools, uniq_psyche, uniq_erolcha
Abyss:1:  base:
D:5

Skill      XL: |  1  2  3  4  5  6  7  8  9 10 |
---------------+-------------------------------+-----
Axes           | 3 4 5 7 8 9 11 14 17 19 | 19.8
Fighting       | |  3.6
Armour         | |  3.2
Shields        | |  3.2

Action                   |  1- 3 |  4- 6 |  7- 9 | 10-12 || total
-------------------------+-------+-------+-------+-------++-------
Melee: War axe           |   130 |   154 |   135 |       ||   419
       Hand axe          |       |       |   247 |   317 ||   564
Evoke: Wand              |       |       |     2 |     2 ||     4
  Use: Potion            |       |     1 |       |    17 ||    18
       Scroll            |       |       |       |    10 ||    10
 Stab: Paralysed         |       |     1 |       |       ||     1
  Eat: Chunk             |     1 |     6 |    12 |     6 ||    25
       Ration            |       |       |       |     1 ||     1
Armor: Scale mail        |    56 |    55 |       |       ||   111
       Fire dragon scale |       |       |    75 |       ||    75
       Quicksilver drago |       |       |    51 |    51 ||   102
       Skin              |       |       |       |    35 ||    35
Dodge: Dodged            |    48 |    37 |    55 |    52 ||   192
       Deflected         |       |       |     1 |     9 ||    10
Block: Shield            |    66 |    65 |   124 |   154 ||   409
